| TOP OF THE 1ST |
|
West Michigan Whitecaps batting - Pitching for Greenville Drive : RHP Teruhiko Ushijima
|
|
Pitching: RHP Teruhiko Ushijima
|
|
|
Batting: SHB Willie Medina
|
0-0: Swinging Strike 0-1: Ball 1-1: Ball 2-1: Ball 3-1: Base on Balls
|
|
Batting: LHB George Moran
|
0-0: Ball 1-0: Ball 2-0: Fly out, F5 (Popup, 5S, EV 80.0 MPH)
|
|
Batting: LHB Dave Carlisle
|
0-0: Ball Willie Medina is caught stealing 2nd base 2-6 1-0: Called Strike 1-1: Called Strike 1-2: SINGLE (Groundball, 4, EV 93.8 MPH)
|
|
Batting: LHB Brad Gaskill
|
0-0: Ball 1-0: Ball 2-0: 2-RUN HOME RUN (Flyball, 9D, EV 106.2 MPH), Distance : 396 ft
|
|
Batting: RHB Jon Goldstein
|
0-0: Ball 1-0: SINGLE (Groundball, 56S, EV 70.0 MPH) (infield hit)
|
|
Batting: RHB German Quiroga
|
0-0: Called Strike 0-1: Ball 1-1: Ball 2-1: Foul Ball, location: 2F 2-2: Strikes out looking
|
| Top of the 1st over - 2 runs, 3 hits, 0 errors, 1 left on base; West Michigan 2 - Greenville 0 |
| BOTTOM OF THE 1ST |
|
Greenville Drive batting - Pitching for West Michigan Whitecaps : RHP Jared Barger
|
|
Pitching: RHP Jared Barger
|
|
|
Batting: LHB John Buff
|
0-0: Ball 1-0: Called Strike 1-1: Ball 2-1: Called Strike 2-2: Ball 3-2: Base on Balls
|
|
Batting: LHB Carlos Guerra
|
0-0: Called Strike 0-1: Ball 1-1: Fly out, F9 (Flyball, 89D, EV 101.2 MPH)
|
|
Batting: SHB Robert Soto
|
0-0: Called Strike 0-1: Ground out 4-3 (Groundball, 34, EV 110.6 MPH) John Buff to second
|
|
Batting: LHB Eddie Contreras
|
0-0: Foul Ball, location: 2F 0-1: Ground out 4-3 (Groundball, 4, EV 105.6 MPH)
|
| Bottom of the 1st over - 0 runs, 0 hits, 0 errors, 1 left on base; West Michigan 2 - Greenville 0 |
| TOP OF THE 2ND |
|
West Michigan Whitecaps batting - Pitching for Greenville Drive : RHP Teruhiko Ushijima
|
|
Batting: RHB Scott Carr
|
0-0: Ball 1-0: Ball 2-0: Ball 3-0: Called Strike 3-1: Foul Ball, location: 2F 3-2: Strikes out swinging
|
|
Batting: LHB Steve Herrera
|
0-0: Called Strike 0-1: Ball 1-1: Ground out 5-3 (Groundball, 56S, EV 86.2 MPH)
|
|
Batting: RHB Tony Murray
|
0-0: Fly out, F8 (Flyball, 89M, EV 75.0 MPH)
|
| Top of the 2nd over - 0 runs, 0 hits, 0 errors, 0 left on base; West Michigan 2 - Greenville 0 |
| BOTTOM OF THE 2ND |
|
Greenville Drive batting - Pitching for West Michigan Whitecaps : RHP Jared Barger
|
|
Batting: RHB Alex Cardenas
|
0-0: Ball 1-0: Called Strike 1-1: Fly out, F8 (Flyball, 89D, EV 92.5 MPH)
|
|
Batting: RHB Tony Nunez
|
0-0: Called Strike 0-1: Ball 1-1: Foul Ball, location: 2F 1-2: Ball 2-2: Foul Ball, location: 2F 2-2: Strikes out swinging
|
|
Batting: RHB Scott Hawkins
|
0-0: Ground out 5-3 (Groundball, 56S, EV 70.6 MPH)
|
| Bottom of the 2nd over - 0 runs, 0 hits, 0 errors, 0 left on base; West Michigan 2 - Greenville 0 |
| TOP OF THE 3RD |
|
West Michigan Whitecaps batting - Pitching for Greenville Drive : RHP Teruhiko Ushijima
|
|
Batting: SHB Willie Medina
|
0-0: Swinging Strike 0-1: Called Strike 0-2: Ball 1-2: Ball 2-2: Foul Ball, location: 2F 2-2: Foul Ball, location: 2F 2-2: Strikes out looking
|
|
Batting: LHB George Moran
|
0-0: Ground out U3 (Groundball, 3, EV 81.2 MPH)
|
|
Batting: LHB Dave Carlisle
|
0-0: Foul Ball, location: 2F 0-1: Ball 1-1: Foul Ball, location: 2F 1-2: Ball 2-2: Foul Ball, location: 2F 2-2: Ball 3-2: Foul Ball, location: 2F 3-2: Strikes out swinging
|
| Top of the 3rd over - 0 runs, 0 hits, 0 errors, 0 left on base; West Michigan 2 - Greenville 0 |
| BOTTOM OF THE 3RD |
|
Greenville Drive batting - Pitching for West Michigan Whitecaps : RHP Jared Barger
|
|
Batting: RHB Ted Emmerich
|
0-0: Called Strike 0-1: Ball 1-1: Fly out, F9 (Line Drive, 9LM, EV 86.9 MPH)
|
|
Batting: RHB Roger Mitchell
|
0-0: Called Strike 0-1: SINGLE (Groundball, 6MD, EV 104.4 MPH)
|
|
Batting: LHB John Buff
|
0-0: Called Strike Roger Mitchell is caught stealing 2nd base 2-6 0-1: Ball 1-1: Fly out, F8 (Flyball, 78S, EV 96.2 MPH)
|
| Bottom of the 3rd over - 0 runs, 1 hit, 0 errors, 0 left on base; West Michigan 2 - Greenville 0 |
| TOP OF THE 4TH |
|
West Michigan Whitecaps batting - Pitching for Greenville Drive : RHP Teruhiko Ushijima
|
|
Batting: LHB Brad Gaskill
|
0-0: Called Strike 0-1: Ball 1-1: Called Strike 1-2: Ball 2-2: Fly out, F7 (Flyball, 7, EV 96.9 MPH)
|
|
Batting: RHB Jon Goldstein
|
0-0: Ball 1-0: Foul Ball, location: 2F 1-1: Called Strike 1-2: Strikes out swinging
|
|
Batting: RHB German Quiroga
|
0-0: Ball 1-0: Swinging Strike 1-1: Foul Ball, location: 2F 1-2: Strikes out swinging
|
| Top of the 4th over - 0 runs, 0 hits, 0 errors, 0 left on base; West Michigan 2 - Greenville 0 |
| BOTTOM OF THE 4TH |
|
Greenville Drive batting - Pitching for West Michigan Whitecaps : RHP Jared Barger
|
|
Batting: LHB Carlos Guerra
|
0-0: Ball 1-0: SINGLE (Groundball, 6MD, EV 98.1 MPH)
|
|
Batting: SHB Robert Soto
|
0-0: Called Strike 0-1: Ball Carlos Guerra steals 2nd, throwing error, E2 Carlos Guerra to third 1-1: SINGLE (Line Drive, 34D, EV 97.5 MPH) Carlos Guerra scores
|
|
Batting: LHB Eddie Contreras
|
0-0: Ball 1-0: Ball 2-0: Ball 3-0: Base on Balls Robert Soto to second
|
|
Batting: RHB Alex Cardenas
|
0-0: Foul Ball, location: 2F 0-1: Ball 1-1: Fly out, F8 (Flyball, 8RD, EV 94.4 MPH)
|
|
Batting: RHB Tony Nunez
|
0-0: Grounds into double play, 1-6-3 (Groundball, 13, EV 64.4 MPH)
|
| Bottom of the 4th over - 1 run, 2 hits, 1 error, 1 left on base; West Michigan 2 - Greenville 1 |
| TOP OF THE 5TH |
|
West Michigan Whitecaps batting - Pitching for Greenville Drive : RHP Teruhiko Ushijima
|
|
Batting: RHB Scott Carr
|
0-0: Ball 1-0: Ball 2-0: Called Strike 2-1: Swinging Strike 2-2: Foul Ball, location: 2F 2-2: Ball 3-2: Base on Balls
|
|
Batting: LHB Steve Herrera
|
0-0: Ball Scott Carr steals 2nd base 1-0: Ball 2-0: Foul Ball, location: 2F 2-1: Swinging Strike 2-2: Strikes out looking
|
|
Batting: RHB Tony Murray
|
0-0: Called Strike 0-1: Ball Wild Pitch! Scott Carr to third 1-1: Foul Ball, location: 2F 1-2: DOUBLE (Flyball, 78XD, EV 111.2 MPH) Scott Carr scores
|
|
Batting: SHB Willie Medina
|
0-0: Swinging Strike 0-1: Ball 1-1: Ground out 4-3 (Groundball, 4, EV 92.5 MPH) Tony Murray to third
|
|
Batting: LHB George Moran
|
0-0: Called Strike 0-1: Called Strike 0-2: Ball 1-2: Ball 2-2: Strikes out looking
|
| Top of the 5th over - 1 run, 1 hit, 0 errors, 1 left on base; West Michigan 3 - Greenville 1 |
| BOTTOM OF THE 5TH |
|
Greenville Drive batting - Pitching for West Michigan Whitecaps : RHP Jared Barger
|
|
Batting: RHB Scott Hawkins
|
0-0: Ball 1-0: Called Strike 1-1: Foul Ball, location: 2F 1-2: Ground out 4-3 (Groundball, 4, EV 83.1 MPH)
|
|
Batting: RHB Ted Emmerich
|
0-0: Ground out 6-3 (Groundball, 6, EV 83.1 MPH)
|
|
Batting: RHB Roger Mitchell
|
0-0: Called Strike 0-1: Foul Ball, location: 2F 0-2: SINGLE (Flyball, 8RS, EV 98.1 MPH)
|
|
Batting: LHB John Buff
|
0-0: Ball 1-0: Foul Ball, location: 2F 1-1: Foul Ball, location: 2F 1-2: Foul Ball, location: 2F 1-2: Foul Ball, location: 2F 1-2: Ball 2-2: Ball 3-2: Fly out, F9 (Line Drive, 9, EV 84.4 MPH)
|
| Bottom of the 5th over - 0 runs, 1 hit, 0 errors, 1 left on base; West Michigan 3 - Greenville 1 |
| TOP OF THE 6TH |
|
West Michigan Whitecaps batting - Pitching for Greenville Drive : RHP Teruhiko Ushijima
|
|
Batting: LHB Dave Carlisle
|
0-0: Fly out, F9 (Flyball, 9, EV 86.9 MPH)
|
|
Batting: LHB Brad Gaskill
|
0-0: Swinging Strike 0-1: Ball 1-1: Ball 2-1: Swinging Strike 2-2: Strikes out swinging
|
|
Batting: RHB Jon Goldstein
|
0-0: Ball 1-0: Called Strike 1-1: Foul Ball, location: 2F 1-2: Ball 2-2: Strikes out swinging
|
| Top of the 6th over - 0 runs, 0 hits, 0 errors, 0 left on base; West Michigan 3 - Greenville 1 |
| BOTTOM OF THE 6TH |
|
Greenville Drive batting - Pitching for West Michigan Whitecaps : RHP Jared Barger
|
|
Batting: LHB Carlos Guerra
|
0-0: Ball 1-0: Called Strike 1-1: Ball 2-1: Swinging Strike 2-2: Ball 3-2: Ground out 3-1 (Groundball, 34, EV 86.2 MPH)
|
|
Batting: SHB Robert Soto
|
0-0: Ground out 1-3 (Groundball, 34S, EV 73.1 MPH)
|
|
Batting: LHB Eddie Contreras
|
0-0: Ball 1-0: SINGLE (Groundball, 34D, EV 105.6 MPH)
|
|
Batting: RHB Alex Cardenas
|
0-0: Called Strike 0-1: Ball 1-1: Called Strike 1-2: Foul Ball, location: 2F 1-2: Fly out, F6 (Flyball, 56D, EV 81.2 MPH)
|
| Bottom of the 6th over - 0 runs, 1 hit, 0 errors, 1 left on base; West Michigan 3 - Greenville 1 |
| TOP OF THE 7TH |
|
West Michigan Whitecaps batting - Pitching for Greenville Drive : RHP Teruhiko Ushijima
|
|
Pitching: LHP Josh Turner
|
|
|
Batting: RHB German Quiroga
|
0-0: Ball 1-0: SINGLE (Groundball, 34D, EV 100.0 MPH)
|
|
Batting: RHB Scott Carr
|
0-0: Called Strike 0-1: Foul Ball, location: 2F 0-2: Strikes out swinging
|
|
Batting: LHB Steve Herrera
|
0-0: Called Strike 0-1: Ball 1-1: Ball 2-1: Foul Ball, location: 2F 2-2: Strikes out swinging
|
|
Batting: RHB Tony Murray
|
0-0: SINGLE (Groundball, 34D, EV 107.5 MPH) German Quiroga to second Runner from 2nd tries for 3rd, SAFE, throw by RF made to third
|
|
Batting: SHB Willie Medina
|
0-0: Ball 1-0: Ball 2-0: Called Strike 2-1: Swinging Strike 2-2: Ball 3-2: Fly out, F8 (Flyball, 8RXD, EV 103.1 MPH)
|
| Top of the 7th over - 0 runs, 2 hits, 0 errors, 2 left on base; West Michigan 3 - Greenville 1 |
| BOTTOM OF THE 7TH |
|
Greenville Drive batting - Pitching for West Michigan Whitecaps : RHP Jared Barger
|
|
Batting: RHB Tony Nunez
|
0-0: Ball 1-0: Swinging Strike 1-1: Foul Ball, location: 2F 1-2: Strikes out swinging
|
|
Batting: RHB Scott Hawkins
|
0-0: SINGLE (Line Drive, 4MD, EV 94.4 MPH)
|
|
Batting: RHB Ted Emmerich
|
0-0: Called Strike 0-1: Foul Ball, location: 2F 0-2: DOUBLE (Flyball, 8RXD, EV 106.9 MPH) Scott Hawkins to third
|
|
Pinch Hitting: LHB Danny Montoya
|
0-0: DOUBLE (Line Drive, 9LS, EV 95.6 MPH) Scott Hawkins scores Ted Emmerich scores
|
|
Batting: LHB John Buff
|
0-0: Fly out, F7 (Flyball, 7, EV 96.2 MPH)
|
|
Batting: LHB Carlos Guerra
|
0-0: Ball 1-0: Called Strike 1-1: Ball 2-1: Fly out, F7 (Flyball, 7D, EV 81.9 MPH)
|
| Bottom of the 7th over - 2 runs, 3 hits, 0 errors, 1 left on base; West Michigan 3 - Greenville 3 |
| TOP OF THE 8TH |
|
West Michigan Whitecaps batting - Pitching for Greenville Drive : LHP Josh Turner
|
|
Pitching: RHP Victor Escobar
|
|
|
Now at 1B: Danny Montoya
|
|
|
Now at 2B: Tony Nunez
|
|
|
Batting: LHB George Moran
|
0-0: Ball 1-0: Ball 2-0: Called Strike 2-1: Swinging Strike 2-2: Foul Ball, location: 2F 2-2: Foul Ball, location: 2F 2-2: Strikes out swinging
|
|
Pitching: LHP Rob Hymowitz
|
|
|
Batting: LHB Dave Carlisle
|
0-0: Foul Ball, location: 2F 0-1: Foul Ball, location: 2F 0-2: Ball 1-2: Ball 2-2: Strikes out looking
|
|
Pinch Hitting: RHB Joe Zimmerman
|
0-0: SOLO HOME RUN (Flyball, 7D, EV 99.4 MPH), Distance : 388 ft
|
|
Pitching: RHP Paul Carter
|
|
|
Batting: RHB Jon Goldstein
|
0-0: Foul Ball, location: 2F 0-1: Ball 1-1: Ball 2-1: Foul Ball, location: 2F 2-2: Strikes out swinging
|
| Top of the 8th over - 1 run, 1 hit, 0 errors, 0 left on base; West Michigan 4 - Greenville 3 |
| BOTTOM OF THE 8TH |
|
Greenville Drive batting - Pitching for West Michigan Whitecaps : RHP Jared Barger
|
|
Now at 1B: Jon Pedlar
|
|
|
Batting: SHB Robert Soto
|
0-0: Called Strike 0-1: Swinging Strike 0-2: Strikes out swinging
|
|
Batting: LHB Eddie Contreras
|
0-0: Ball 1-0: Ball 2-0: Called Strike 2-1: Ball 3-1: SOLO HOME RUN (Flyball, 9D, EV 98.8 MPH), Distance : 403 ft
|
|
Pitching: LHP Jesse Turner
|
|
|
Batting: RHB Alex Cardenas
|
0-0: Ball 1-0: Swinging Strike 1-1: Foul Ball, location: 2F 1-2: Foul Ball, location: 2F 1-2: Ball 2-2: Strikes out swinging
|
|
Batting: RHB Tony Nunez
|
0-0: Fly out, F7 (Flyball, 78S, EV 90.0 MPH)
|
| Bottom of the 8th over - 1 run, 1 hit, 0 errors, 0 left on base; West Michigan 4 - Greenville 4 |
| TOP OF THE 9TH |
|
West Michigan Whitecaps batting - Pitching for Greenville Drive : RHP Paul Carter
|
|
Batting: RHB German Quiroga
|
0-0: Ball 1-0: Swinging Strike 1-1: Swinging Strike 1-2: Strikes out swinging
|
|
Batting: LHB Jamie Christian
|
0-0: Swinging Strike 0-1: Swinging Strike 0-2: Strikes out swinging
|
|
Pitching: RHP Ross Ratcliffe
|
|
|
Batting: LHB Steve Herrera
|
0-0: Ball 1-0: Foul Ball, location: 2F 1-1: Foul Ball, location: 2F 1-2: Strikes out swinging
|
| Top of the 9th over - 0 runs, 0 hits, 0 errors, 0 left on base; West Michigan 4 - Greenville 4 |
| BOTTOM OF THE 9TH |
|
Greenville Drive batting - Pitching for West Michigan Whitecaps : LHP Jesse Turner
|
|
Pitching: RHP Tony Kepp
|
|
|
Batting: RHB Scott Hawkins
|
0-0: Ball 1-0: Swinging Strike 1-1: Foul Ball, location: 2F 1-2: Ball 2-2: Ball 3-2: Strikes out swinging
|
|
Batting: RHB Ted Emmerich
|
0-0: Called Strike 0-1: Foul Ball, location: 2F 0-2: Ball 1-2: Strikes out swinging
|
|
Batting: LHB Danny Montoya
|
0-0: Called Strike 0-1: Ball 1-1: Swinging Strike 1-2: Ball 2-2: Strikes out swinging
|
| Bottom of the 9th over - 0 runs, 0 hits, 0 errors, 0 left on base; West Michigan 4 - Greenville 4 |
| TOP OF THE 10TH |
|
West Michigan Whitecaps batting - Pitching for Greenville Drive : RHP Ross Ratcliffe
|
|
Batting: RHB Tony Murray
|
0-0: Foul Ball, location: 2F 0-1: SOLO HOME RUN (Flyball, 8RXD, EV 108.1 MPH), Distance : 429 ft
|
|
Batting: SHB Willie Medina
|
0-0: Ball 1-0: Foul Ball, location: 2F 1-1: Fly out, F8 (Flyball, 8RD, EV 100.0 MPH)
|
|
Pitching: RHP Adrian Colorado
|
|
|
Batting: LHB George Moran
|
0-0: Called Strike 0-1: Ball 1-1: Ball 2-1: Called Strike 2-2: Strikes out looking
|
|
Batting: LHB Dave Carlisle
|
0-0: Called Strike 0-1: Fly out, F7 (Line Drive, 78M, EV 106.9 MPH)
|
| Top of the 10th over - 1 run, 1 hit, 0 errors, 0 left on base; West Michigan 5 - Greenville 4 |
| BOTTOM OF THE 10TH |
|
Greenville Drive batting - Pitching for West Michigan Whitecaps : RHP Tony Kepp
|
|
Batting: LHB John Buff
|
0-0: Fly out, F4 (Line Drive, 4, EV 69.4 MPH)
|
|
Batting: LHB Carlos Guerra
|
0-0: Called Strike 0-1: Ball 1-1: Ball 2-1: Ball 3-1: Base on Balls
|
|
Batting: SHB Robert Soto
|
0-0: Ball 1-0: Called Strike 1-1: Swinging Strike 1-2: Foul Ball, location: 2F 1-2: Strikes out looking
|
|
Batting: LHB Eddie Contreras
|
0-0: Called Strike 0-1: Swinging Strike 0-2: Ball 1-2: Ball 2-2: Ball 3-2: Strikes out looking
|
| Bottom of the 10th over - 0 runs, 0 hits, 0 errors, 1 left on base; West Michigan 5 - Greenville 4 |
|